Unix NetHack Version 5.0.0-0 post-release - last build Jun 10 2026 00:39:30 (3ee93aec679c4c4259841fe613dc97188e26a321,branch:main).

Game began 2026-06-11 14:52:13, ended 2026-06-11 22:22:24.

CyberFan, lawful male human Knight

                                                                       -----
                                                                       +...|
                                                                       |...|
                                                                       |...|
                                                                      #....|
                                                                      #-----
                                                         #         ####
                                                         E         #
                                                      ---@------   #
                                                      |........|  ##
                                                      |.........###
                                                      |........|
                                                      ----------

CyberFan the Sergeant    St:14 Dx:9 Co:17 In:8 Wi:13 Ch:18  Lawful
Dlvl:15 $:1595 HP:0(82) Pw:89(89) AC:0  Xp:11/12316 T:14470 

Latest messages:
 A glaive misses you.
 You swap places with the peaceful hobbit.
 The rock troll bashes with her glaive.
 The rock troll hits!
 The rock troll hits!
 The rock troll bites!
 The rock troll picks up an elven spear.
 The rock troll tries to wield an elven spear.
 The rock troll's glaive is welded to her claws!
 What do you want to zap? [mwzJS or ?*]
 In what direction?
 The bolt of lightning misses the rock troll.
 The bolt of lightning bounces!
 The bolt of lightning hits the rock troll!
 The rock troll puts on a pair of low boots.
 What do you want to zap? [mwzJS or ?*]
 In what direction?
 The bolt of lightning misses the rock troll.
 The bolt of lightning bounces!
 The bolt of lightning hits the rock troll!
 The bolt of lightning hits you!
 But it reflects from your medallion!
 You are blinded by the flash!
 What do you want to zap? [mwzJS or ?*]
 In what direction?
 You dig a hole through the floor.
 You fall through...
 What do you want to use or apply? [l-npwzEJNPSU or ?*]
 You can see again.
 You hit the titanothere!
 You hit the titanothere!
 The titanothere hits!
 You kill the titanothere!
 You see here a titanothere corpse.
 There is a titanothere corpse here; eat it? [ynq] (n)
 This titanothere corpse is gamey.
 You finish eating the titanothere corpse.
 You find a hidden door.
 In what direction?
 The door resists!
 Ouch!  You bump into a door.
 In what direction?
 The door opens.
 The fire elemental hits!
 You're on fire!
 You hit the fire elemental!
 You are suddenly very hot!
 You hit the fire elemental!
 You are suddenly very hot!
 You die...

Inventory:
 Coins    ('$')
  $ - 1595 gold pieces
 Amulets  ('"')
  K - an uncursed amulet of reflection (being worn)
 Weapons  (')')
  a - the blessed rustproof +6 Excalibur (wielded in right hand)
  X - an uncursed +3 silver saber (wielded in left hand)
 Armor    ('[')
  O - an uncursed greased +1 helmet (being worn)
  f - an uncursed +0 pair of leather gloves (being worn)
  Y - an uncursed +0 pair of water walking boots (being worn)
  W - an uncursed greased +0 dwarvish cloak (being worn)
  B - a cursed +0 dwarvish mithril-coat (being worn)
 Comestibles  ('%')
  b - an uncursed lizard corpse
 Scrolls  ('?')
  M - an uncursed scroll of amnesia
  i - a cursed scroll of confuse monster
  L - an uncursed scroll of create monster
  g - an uncursed scroll of earth
  k - an uncursed scroll of gold detection
  A - an uncursed scroll of identify
  D - a cursed scroll of teleportation
 Potions  ('!')
  j - an uncursed potion of blindness
  G - an uncursed potion of fruit juice
  x - an uncursed potion of invisibility
  F - a blessed potion of monster detection
  l - an uncursed potion of oil
  t - a blessed potion of paralysis
  d - a cursed potion of paralysis
  v - an uncursed potion of sleeping
  r - an uncursed potion of speed
  T - a potion of holy water
  V - 2 uncursed potions of water
 Rings    ('=')
  c - an uncursed ring of cold resistance
  o - an uncursed ring of cold resistance
  s - an uncursed ring of cold resistance
  q - an uncursed ring of free action (on right hand)
  H - an uncursed ring of free action
  C - an uncursed +5 ring of increase accuracy (on left hand)
  u - a blessed +1 ring of increase damage
  y - an uncursed ring of stealth
 Wands    ('/')
  w - an uncursed wand of digging (0:4)
  S - an uncursed wand of light (0:14)
  z - an uncursed wand of lightning (0:2)
  m - a blessed wand of nothing (0:5)
  J - an uncursed wand of probing (0:3)
 Tools    ('(')
  p - an uncursed bugle
  n - an uncursed magic marker (0:10)
  U - an uncursed oil lamp
  N - an uncursed towel
  E - a blessed +0 unicorn horn
 Gems/Stones  ('*')
  Q - 2 uncursed rubies
  e - 2 uncursed worthless pieces of red glass
  Z - 2 uncursed worthless pieces of red glass
  h - an uncursed worthless piece of violet glass
  P - an uncursed touchstone

CyberFan the Knight's attributes:

Background:
 You were a Sergeant, a level 11 male human Knight.
 You were lawful, on a mission for Lugh
 who was opposed by Brigit (neutral) and Manannan Mac Lir (chaotic).
 You were right-handed.
 You were in the Dungeons of Doom, on level 15.
 You entered the dungeon 14470 turns ago.
 It was nighttime.
 You had 12316 experience points, 7684 more were needed to attain level 12.

Basics:
 You had 0 out of 82 hit points.
 You had all 89 energy points (spell power).
 Your armor class was 0.
 Your wallet contained 1595 zorkmids.
 Autopickup was on for '$%?!"=/*' plus thrown, with exceptions.

Final Characteristics:
 Your strength was 14 (peak:18, limit:18/100).
 Your dexterity was 9 (limit:18).
 Your constitution was 17 (limit:18).
 Your intelligence was 8 (limit:18).
 Your wisdom was 13 (peak:14, limit:18).
 Your charisma was 18 (limit:18).

Final Status:
 You weren't hungry.
 You were unencumbered.
 You were wielding two weapons at once.
 Your skill in long sword was limited by being skilled with two weapons.
 Your two weapon skill was limited by being basic with saber.

Final Attributes:
 You were piously aligned.
 Your items were somewhat protected from fire.
 You were cold resistant.
 Your items were somewhat protected from cold.
 You were level-drain resistant.
 You were telepathic.
 You had automatic searching.
 You aggravated monsters.
 You could jump.
 You could walk on water.
 You had a moderate bonus to hit (+5).
 You were guarded.
 Your spell casting was impaired by metallic armor.
 You were fast.
 You had reflection.
 You had free action.
 You are dead.

Miscellaneous:
 You disabled loading and storing of bones levels.
 Total elapsed playing time was 2 hours, 6 minutes and 30 seconds.

Major events:
 Turn
    1: CyberFan the lawful male human Knight entered the dungeon
 1222: attained the rank of Esquire (level 3)
 3024: was given Excalibur by the Lady of the Lake
 3293: entered the Gnomish Mines
 3415: attained the rank of Bachelor (level 6)
 3830: reached Mine Town
 6607: entered Sokoban
 6830: completed 1st Sokoban level
 7407: completed 2nd Sokoban level
 7938: completed 3rd Sokoban level
 8483: completed 4th Sokoban level
 9262: acquired the Sokoban amulet of reflection
 9915: attained the rank of Sergeant (level 10)
10016: entered the Bigroom
14470: killed by a fire elemental

Spells:
 Name                 Level Category     Fail Retention
 levitation             4   escape       100%   26%-50%

Skills:
 Fighting Skills
   bare handed combat [Unskilled]
   two weapon combat  [Skilled]
   riding             [Basic]
 Weapon Skills
   dagger             [Unskilled]
   knife              [Unskilled]
   axe                [Unskilled]
   pick-axe           [Unskilled]
   short sword        [Unskilled]
   broadsword         [Unskilled]
   long sword         [Expert]
   two-handed sword   [Unskilled]
   saber              [Basic]
   club               [Unskilled]
   mace               [Unskilled]
   morning star       [Unskilled]
   flail              [Unskilled]
   hammer             [Unskilled]
   polearms           [Unskilled]
   spear              [Unskilled]
   trident            [Unskilled]
   lance              [Basic]
   bow                [Unskilled]
   crossbow           [Unskilled]
 Spellcasting Skills
   attack spells      [Unskilled]
   healing spells     [Unskilled]
   clerical spells    [Unskilled]

Voluntary challenges:
 Character rerolling was not enabled.
 You never genocided any monsters.
 You never polymorphed an object.
 You never changed form.
 You used no wishes.
 You violated the special Sokoban rules once.
Achievements:
 You entered a shop.
 You attained the rank of Esquire.
 You entered the Gnomish Mines.
 You attained the rank of Bachelor.
 You entered Minetown.
 You entered a temple.
 You entered Sokoban.
 You completed Sokoban.
 You attained the rank of Sergeant.
 You entered the Big Room.

 The Dungeons of Doom: levels 1 to 15
    Level 1:
       A fountain.
    Level 2:
       An armor shop.
    Level 3:
       An altar to Lugh.
       Stairs down to The Gnomish Mines.
    Level 4:
       Some fountains.
    Level 5:
       A grave.
    Level 6:
    Level 7:
    Level 8:
    Level 9:
       Many fountains.
    Level 10:
       A grave.
       Stairs up to Sokoban, level 9.
    Level 11:
    Level 12:
       Many fountains.
       A very big room.
    Level 13:
       A fountain.
    Level 14:
    Level 15: <- You were here.
       Final resting place for
          you, killed by a fire elemental.
 The Gnomish Mines: levels 4 to 11
    Level 4:
    Level 5:
    Level 6:
    Level 7:
       Many shops, a temple and an altar, some fountains, a sink.
    Level 8:
    Level 9:
    Level 10:
    Level 11:
 Sokoban: levels 9 up to 6
    Level 6:
       Solved.
    Level 7:
       Solved.
    Level 8:
       Solved.
    Level 9:
       Solved.


Vanquished creatures:
  a titanothere
  a winged gargoyle
  a long worm
 an umber hulk
  a stalker
  a giant mummy
  2 xorns
  2 giant zombies
  a sergeant
  4 wargs
  2 small mimics
  2 xans
 an ettin mummy
 an ogre leader
  2 quantum mechanics
  2 trolls
  a gelatinous cube
  2 freezing spheres
  3 shocking spheres
  a tiger
  a dwarf ruler
  2 ochre jellies
  2 leocrottas
  a human mummy
  a python
  a cobra
  2 wraiths
  5 Grey-elves
  a soldier
  a chameleon
  a giant beetle
  2 quivering blobs
  3 cockatrices
  4 wolves
  a winter wolf cub
  a gremlin
  2 leprechauns
 an orc-captain
  2 iron piercers
  2 giant spiders
  2 horses
 an ice vortex
  a black light
  4 vampire bats
  a forest centaur
  a gnome ruler
  5 ogres
  a rust monster
 an owlbear
  3 yetis
  a werewolf
  4 lizards
  a chickatrice
  2 dingoes
  a dog
  a dwarf leader
  a black unicorn
  a dust vortex
  2 snakes
  4 apes
  a soldier ant
  a fire ant
 16 bugbears
  a quasit
  a wood nymph
  3 mountain nymphs
  4 Mordor orcs
  4 Uruk-hai
 an orc shaman
  4 rock piercers
  5 rock moles
  2 ponies
  2 fog clouds
  5 yellow lights
  2 violet fungi
 19 gnome leaders
  6 gnomish wizards
  a kobold mummy
  a guardian naga hatchling
  2 gray oozes
  a ghoul
  2 straw golems
  a paper golem
  a giant ant
  2 floating eyes
  a kitten
  5 dwarves
  a homunculus
  2 kobold shamans
  8 rothes
  2 rabid rats
  3 giant bats
  4 monkeys
  4 dwarf zombies
  2 werejackals
  2 iguanas
  8 killer bees
  2 acid blobs
  4 coyotes
  a gas spore
  2 hobbits
  3 large kobolds
 15 hobgoblins
  2 brown molds
 59 gnomes
 17 garter snakes
  2 gnome zombies
  8 geckos
  8 jackals
  a fox
  8 goblins
  2 sewer rats
  7 grid bugs
  a bat
  a lichen
  a kobold zombie
  4 newts
384 creatures vanquished.

No species were genocided or became extinct.

Game over:
                       ----------
                      /          \
                     /    REST    \
                    /      IN      \
                   /     PEACE      \
                  /                  \
                  |     CyberFan     |
                  |     1595 Au      |
                  | killed by a fire |
                  |    elemental     |
                  |                  |
                  |                  |
                  |       2026       |
                 *|     *  *  *      | *
        _________)/\\_//(\/(/\)/\//\/|_)_______

Fare thee well CyberFan the Knight...

You died in The Dungeons of Doom on dungeon level 15 with 40768 points,
and 1595 pieces of gold, after 14470 moves.
You were level 11 with a maximum of 82 hit points when you died.

